 Dungeon Crawl Stone Soup version 0.29-a0-775-g4d7333d4e2 (webtiles) character file.

Game seed: 12260739710559928732

499 dracfodder the Digger (level 7, -4/38 HPs)
             Began as a Gargoyle Earth Elementalist on July 1, 2022.
             Was an Initiate of Sif Muna.
             Killed by divine providence
             ... invoked by an orc priest
              (9 damage)
             ... on level 4 of the Dungeon.
             The game lasted 00:21:18 (4384 turns).

dracfodder the Digger (Gargoyle Earth Elementalist) Turns: 4384, Time: 00:21:20

Health: -4/38      AC:  7    Str: 14    XL:     7   Next: 16%
Magic:  4/4        EV: 12    Int: 18    God:    Sif Muna [......]
Gold:   135        SH:  0    Dex: 10    Spells: 7/13 levels left

rFire   . . .      SeeInvis .   j - +6 rapier "Concordance" {antimagic, Str+3}
rCold   . . .      Faith    .   (no shield)
rNeg    + . .      Spirit   .   a - +1 robe
rPois   ∞          Reflect  .   (no helmet)
rElec   +          Harm     .   (no cloak)
rCorr   .          Rampage  .   (no gloves)
Will    .....                   (no boots)
Stlth   ++........              (no amulet)
HPRegen 0.12/turn               (no ring)
MPRegen 0.09/turn               (no ring)

@: no status effects
A: sickness immunity, AC +4, negative energy resistance 1, electricity
resistance, torment resistance 1, petrification resistance
a: Renounce Religion


You were on level 4 of the Dungeon.
You worshipped Sif Muna.
Sif Muna was noncommittal.
You visited 1 branch of the dungeon, and saw 4 of its levels.

You collected 159 gold pieces.
You spent 24 gold pieces at shops.

Inventory:

Hand Weapons
 e - a +1 dagger of venom
 h - a +2 whip of flaming
 j - the +6 rapier "Concordance" (weapon) {antimagic, Str+3}
   (You took it off a kobold on level 3 of the Dungeon)

   It reduces the magical energy of the wielder, and disrupts the spells and
   magical abilities of those it strikes.
   Natural abilities and divine invocations are not affected.
   Str:       It affects your strength (+3).
Missiles
 i - 4 javelins
Armour
 a - a +1 robe (worn)
Jewellery
 n - an amulet of the acrobat
Wands
 k - a wand of quicksilver (11)
Scrolls
 l - a scroll of fear {unknown}
 o - 2 scrolls of vulnerability {unknown}
Potions
 b - 2 potions of magic
 c - a potion of haste
 d - 4 potions of lignification {unknown}
 f - 2 potions of heal wounds {unknown}
 g - 3 potions of curing {unknown}
 m - a potion of berserk rage


   Skills:
 + Level 1.2 Fighting
 + Level 2.3 Short Blades
 + Level 2.4 Dodging
 + Level 2.5 Stealth
 + Level 3.8 Spellcasting
 * Level 3.0 Conjurations
 + Level 0.7 Transmutations
 + Level 5.7 Earth Magic


You had 7 spell levels left.
You knew the following spells:

 Your Spells              Type           Power      Damage    Failure   Level
a - Sandblast             Erth           48%        2d12      1%          1
b - Passwall              Tmut/Erth      12%        N/A       6%          2
c - Stone Arrow           Conj/Erth      38%        3d9       8%          3

Your spell library contained the following spells:

 Spells                   Type           Power      Damage    Failure   Level
 Apportation              Tloc           6%         N/A       16%         1
 Necrotize                Necr           12%        1d4       16%         1
 Summon Small Mammal      Summ           12%        N/A       16%         1
 Petrify                  Tmut/Erth      15%        N/A       36%         4
 Summon Guardian Golem    Hex/Summ       3%         N/A       41%         3
 Orb of Destruction       Conj           7%         9d6       100%        7
 Spellforged Servitor     Conj/Summ      4%         N/A       100%        7


Dungeon Overview and Level Annotations

Branches:
Dungeon (4/15)
 Temple: D:4-7

Altars:
Sif Muna

Shops:
D:1 *

Annotations:
D:4 3 runed translucent doors, ReploidZero's ghost, novice TrGl; purpskrrrp's ghost, weakling HODe


Innate Abilities, Weirdness & Mutations

You are immune to sickness and miasma.
Your stone body is resilient. (AC +4)
You are immune to poison.
You resist negative energy. (rN+)
You are resistant to electric shocks. (rElec)
You are resistant to unholy torment.
You are immune to petrification.


Message History

The worm is heavily wounded.
The worm barely misses you. Something hits you but does no damage.
The orc priest invokes the aid of Beogh against you.
Something writhes in agony.
You hit the worm.
The worm is severely wounded.
Something hits you.
The orc priest mumbles some strange prayers to Beogh against you.
Beogh smites you!
The orc splashes around in the water.
The worm closely misses you.
You hit the orc.
The orc is heavily wounded.
Something hits you. The orc hits you but does no damage.
The orc priest calls down the wrath of Beogh upon you.
Beogh smites you!
* * * LOW HITPOINT WARNING * * *
You puncture the orc!
You kill the orc!
Sif Muna accepts your kill.
You hear a splashing noise.
The worm barely misses you. The orc barely misses you.
The orc priest hits you but does no damage.
Things that are here:
a +0 hand axe; a +0 ring mail The orc priest attacks as you move away!
The orc priest closely misses you.
The orc priest looks encouraged for a moment.
You puncture the orc!
You kill the orc!
Sif Muna accepts your kill.
You puncture the orc priest!
The orc priest is severely wounded.
The orc priest begins to cast a cantrip, but forgets the words!
You barely miss the orc priest.
The orc priest is severely wounded.
The orc priest mumbles some strange prayers to Beogh against you.
You are unaffected.
The orc priest invokes the aid of Beogh against you.
Beogh smites you!
You die...

#.. ..#.# ##..## # #.#
#.#.# ..P..# # #.# #.#.#
♣.≈.P.. # #.# #...#
≈.≈≈P≈# # #.# #..##
≈≈≈.≈≈. ###.###...####
#♣.≈≈≈≈.. .#..#...#....##
#.≈≈≈≈≈≈.
...#..######..####oow≈≈≈≈P
##...## ##.#.@o♣≈≈≈≈≈≈.
.....# #...##..≈≈≈.≈.
.#...#######....# .P≈.≈≈≈.
##...........##..#...≈≈≈.#
#..###...#### ##.....P.P..
#.## ##.# ##....#### ..#
.. #...# .. # ##.# .#


You could see a worm, 2 orc priests and an orc.

Vanquished Creatures
  A water moccasin (D:4)
  A phantom (D:4)
  2 scorpions (D:4)
  A hound (D:4)
  7 adders
  An ufetubus (D:4)
  A worm (D:2)
  A dart slug (D:4)
  7 orcs
  7 ball pythons
  7 endoplasms
  3 giant cockroaches
  9 goblins
  15 hobgoblins
  2 jackals (D:2)
  5 quokkas
  5 bats
  3 frilled lizards (D:1)
  15 kobolds
  3 rats
96 creatures vanquished.

Vanquished Creatures (others)
  A plant (D:4)
1 creature vanquished.

Grand Total: 97 creatures vanquished

Notes
Turn   | Place    | Note
-------+----------+-------------------------------------------
     0 | D:1      | dracfodder the Gargoyle Earth Elementalist began the quest
                  | for the Orb.
     0 | D:1      | Reached XP level 1. HP: 10/10 MP: 3/3
   119 | D:1      | Reached XP level 2. HP: 15/15 MP: 0/5
   217 | D:1      | Learned a level 2 spell: Passwall
   351 | D:1      | Reached skill level 1 in Conjurations
   668 | D:1      | Found a faded altar of an unknown god.
   724 | D:1      | Found Jaturota's General Store.
   727 | D:1      | Bought a scroll of identify for 24 gold pieces
   788 | D:2      | Reached XP level 3. HP: 12/19 MP: 2/6
   940 | D:2      | Learned a level 3 spell: Stone Arrow
   944 | D:2      | Reached skill level 4 in Earth Magic
  1361 | D:2      | Reached XP level 4. HP: 24/24 MP: 6/8
  2306 | D:3      | Identified the +6 rapier "Concordance" {antimagic, Str+3}
  2511 | D:3      | Reached skill level 5 in Earth Magic
  2877 | D:3      | Reached XP level 5. HP: 28/28 MP: 1/9
  3650 | D:3      | Found a shimmering blue altar of Sif Muna.
  3663 | D:3      | Became a worshipper of Sif Muna the Loreminder
  3772 | D:4      | Noticed a phantom
  3786 | D:4      | Killed a phantom
  3787 | D:4      | Reached skill level 1 in Short Blades
  3787 | D:4      | Reached XP level 6. HP: 31/32 MP: 3/10
  3955 | D:4      | Noticed a water moccasin
  3968 | D:4      | Killed a water moccasin
  3969 | D:4      | Reached skill level 1 in Fighting
  4206 | D:4      | Found a runed translucent gate.
  4207 | D:4      | Found a runed translucent gate.
  4209 | D:4      | Found a runed translucent gate.
  4209 | D:4      | Noticed ReploidZero's ghost (novice TrGl)
  4210 | D:4      | Noticed purpskrrrp's ghost (weakling HODe)
  4330 | D:4      | Reached XP level 7. HP: 35/38 MP: 1/12
  4384 | D:4      | Killed from afar by an orc priest

Illustrated notes

Levels and vault maps discovered:
D:1:      dpeg_arrival_renting, layout_rooms, serial_shops,
          nicolae_shop_behind_doors, shapermc_ecumenical_altar_venn
D:2:      wander_river, layout_loops_ring, serial_bayou_pond_c, st_stairs_13,
          grunt_ministairs_14, nrook_loot_triangle
D:3:      cheibrodos_greedy_goblins, layout_basic, mainiacjoe_overflow_alcove_1
D:4:      layout_rooms, gammafunk_ghost_cemetery, serial_bayou_pond_b,
          interstate_on_off, minivault_27, minivault_11

Skill      XL: |  1  2  3  4  5  6 |
---------------+-------------------+-----
Conjurations   | 1 2 3 |  3.0
Earth Magic    | 4 5 |  5.7
Dodging        | 2 |  2.4
Spellcasting   | 3 |  3.8
Short Blades   | 1 2 |  2.3
Fighting       | 1 |  1.2
Stealth        | |  2.5
Transmutations | |  0.7

Action                   |  1- 3 |  4- 6 |  7- 9 || total
-------------------------+-------+-------+-------++-------
Melee: Dagger            |    14 |       |       ||    14
       Punch             |     1 |       |       ||     1
       Rapier            |       |    69 |    14 ||    83
 Cast: Sandblast         |    49 |    59 |       ||   108
       Passwall          |     1 |       |       ||     1
  Use: Scroll            |     4 |     2 |       ||     6
       Potion            |       |     2 |       ||     2
Armor: Robe              |    18 |    29 |     9 ||    56
Dodge: Dodged            |    39 |    55 |    17 ||   111

Table legend: (Time is in decaauts)
 A = Elapsed time spent in this place.
 B = Non-inter-level travel time spent in this place.
 C = Inter-level travel time spent in this place.
 D = Time resting spent in this place.
 E = Time spent auto-exploring this place.
 F = Levels seen in this place.
 G = Mean time per level.
                   A        B        C        D        E       F      G
               +--------+--------+--------+--------+--------+-----+--------+
         Total |   4532 |   4425 |    107 |   1523 |   2106 |   4 | 1133.0 |
       Dungeon |   4532 |   4425 |    107 |   1523 |   2106 |   4 | 1133.0 |
               +--------+--------+--------+--------+--------+-----+--------+

Top non-repeatable levels by time:
     D:3: 1689 daAuts
     D:2: 1371 daAuts
     D:1: 809 daAuts
     D:4: 662 daAuts
